 Dungeon Crawl Stone Soup version 0.25-a0-424-g80bd347ae0 (webtiles) character file.

Game seed: 13961234707815899256, levelgen mode: deterministic

1235 MrRokkomies the Ducker (level 8, -1/39 HPs)
             Began as a Spriggan Abyssal Knight on Jan 19, 2020.
             Was a Priest of Lugonu.
             Slain by an orc
             ... wielding a +1 short sword of draining
              (7 damage)
             ... on level 5 of the Dungeon on Jan 20, 2020.
             The game lasted 00:21:32 (6449 turns).

MrRokkomies the Ducker (Spriggan Abyssal Knight)    Turns: 6449, Time: 00:21:33

Health: -1/39      AC:  3    Str: 10    XL:     8   Next: 24%
Magic:  13/13      EV: 20    Int: 13    God:    Lugonu [***...]
Gold:   228        SH:  0    Dex: 16    Spells: 2/7 levels left

rFire    . . .     SeeInvis +   f - +1 dagger (flame)
rCold    . . .     Gourm    .   (shield restricted)
rNeg     . . .     Faith    .   b - +1 robe
rPois    .         Spirit   .   (helmet restricted)
rElec    .         Reflect  .   (no cloak)
rCorr    .         Harm     .   (gloves unavailable)
MR       +....     Rnd*Tele +   (boots unavailable)
Stlth    ++........             (no amulet)
HPRegen  0.13/turn              (no ring)
MPRegen  0.13/turn              i - ring of teleportation (curse)

@: slowed, heavily drained, quick
A: very small, unfitting armour, see invisible, herbivore, speed 3, slow
metabolism 2
a: Depart the Abyss, Bend Space, Banish, Renounce Religion


You were on level 5 of the Dungeon.
You worshipped Lugonu.
Lugonu was most pleased with you.
You were very hungry.

You visited 1 branch of the dungeon, and saw 5 of its levels.
You visited the Abyss 1 time.
You also visited: Sewer.

You collected 228 gold pieces.

Inventory:

Hand Weapons
 a - a +1 short sword
 f - a +1 dagger of flaming (weapon)
Missiles
 g - 148 stones (quivered)
 l - a throwing net
Armour
 b - a +1 robe (worn)
Jewellery
 i - a cursed ring of teleportation (right hand)
Wands
 p - a wand of flame (4)
Scrolls
 e - a scroll of enchant armour
 h - 2 scrolls of identify
Potions
 j - a potion of might {unknown}
 n - 2 potions of haste
 o - a potion of brilliance {unknown}
Miscellaneous
 d - a phial of floods (inert)
Comestibles
 c - 8 rations


   Skills:
 - Level 2.4(0.5) Fighting
 * Level 6.6(4.5) Short Blades
 + Level 6.6(4.5) Dodging
 - Level 5.1(3.1) Stealth
 * Level 5.9(3.8) Invocations
 + Level 2.8(0.9) Evocations


You had 2 spell levels left.
You knew the following spells:

 Your Spells              Type           Power        Failure   Level  Hunger
a - Blink                 Tloc           N/A          43%         2    ###....
b - Gell's Gravitas       Tloc           #.........   67%         3    ####...

Your spell library contained the following spells:

 Spells                   Type           Power        Failure   Level  Hunger
 Shroud of Golubria       Chrm/Tloc      #.....       43%         2    ###....
 Lesser Beckoning         Tloc           #.........   67%         3    ####...
 Teleport Other           Tloc           #.......     67%         3    ####...
 Passage of Golubria      Tloc           N/A          97%         4    #####..


Dungeon Overview and Level Annotations

Branches:
Dungeon (5/15)             Temple (0/1) D:5           Sewer (visited)

Altars:
Elyvilon
Trog
Uskayaw
Vehumet
Xom
Yredelemnul
Beogh

Annotations:
D:4 3 runed translucent doors, Kohma's ghost, amateur HOFi


Innate Abilities, Weirdness & Mutations

You are very small and have problems with some larger weapons.
You are too small for most types of armour.
You have supernaturally acute eyesight. (SInv)
You are a herbivore.
You cover ground extremely quickly.
You need to consume almost no food.


Message History

You feel drained.
You barely miss the orc. The orc barely misses you.
You hit the orc but do no damage. The orc barely misses you.
You completely miss the orc. The orc completely misses you.
You hit the orc but do no damage. The orc misses you.
You hit the orc but do no damage. The orc closely misses you.
You hit the orc. You burn the orc.
The orc is moderately wounded.
The orc misses you.
You closely miss the orc.
The orc is moderately wounded.
The orc hits you but does no damage.
You feel drained.
The orc hits you with a +1 short sword of draining.
* * * LOW HITPOINT WARNING * * *
You feel drained.
* * * LOW HITPOINT WARNING * * *
You hit the orc. You burn the orc.
The orc is heavily wounded.
The orc hits you with a +1 short sword of draining!
You die...

#....#.....##....#.#.#.#.#...#
#....#+#.#.#####.............#
##........#.##......##.###.#.#
#.........#.##.###...........#
#<###....##.##.##..._........#
#........##'##.##...........#
#.####...#...#.)............#
#.# ##.#....#......⌠.......#
#.# #.#....#.#@.(.........#
#.#####........##o)(........#
#......).......##$.._.......#
##########.....####..(......#
#.....# #.........# ####..#
#.........# #..####.###.#####
#.....o.###.# ##.###....o##


You could see an orc.

Vanquished Creatures
  Sigmund (D:2)
  2 ogres (D:4)
  A howler monkey (D:2)
  A jelly (D:5)
  7 orc wizards
  An orc priest (D:5)
  A centaur skeleton (D:5)
  3 worker ants (D:4)
  2 hound skeletons (D:4)
  10 adders
  An adder skeleton (D:4)
  6 worms
  A dart slug (D:2)
  6 leopard geckos
  8 orcs
  3 bats
  A giant cockroach (D:1)
  7 hobgoblins
  4 jackals (Sewer)
  11 kobolds
  A quokka (D:2)
  4 ball pythons
  10 frilled lizards
  5 goblins
  7 rats
104 creatures vanquished.

Vanquished Creatures (collateral kills)
  An orange demon (Abyss:2)
  A raiju (Abyss:3)
  A scorpion (D:4)
  An adder (D:4)
4 creatures vanquished.

Vanquished Creatures (others)
  A lurking horror (Abyss:2)
1 creature vanquished.

Grand Total: 109 creatures vanquished

Notes
Turn   | Place    | Note
-------+----------+-------------------------------------------
     0 | Abyss:1  | MrRokkomies the Spriggan Abyssal Knight began the quest for
                  | the Orb.
     0 | Abyss:1  | Reached XP level 1. HP: 11/11 MP: 3/3
    93 | Abyss:1  | Noticed an efreet
   155 | Abyss:2  | Noticed a tentacled starspawn
   175 | Abyss:2  | Noticed an orange demon
   195 | Abyss:2  | Killed an orange demon
   195 | Abyss:2  | Reached XP level 2. HP: 16/16 MP: 3/5
   195 | Abyss:2  | Reached XP level 3. HP: 19/19 MP: 3/6
   195 | Abyss:2  | Reached XP level 4. HP: 23/23 MP: 3/7
   195 | Abyss:2  | Reached XP level 5. HP: 27/27 MP: 3/8
   197 | Abyss:2  | Noticed a death knight
   201 | Abyss:2  | Noticed a large abomination
   221 | Abyss:2  | Noticed a small abomination
   226 | Abyss:2  | Noticed a wraith
   266 | Abyss:3  | Noticed a raiju
   288 | Abyss:3  | Noticed a raiju
   305 | Abyss:3  | Killed a raiju
   305 | Abyss:3  | Reached XP level 6. HP: 12/32 MP: 9/9
   309 | Abyss:3  | Noticed a chaos spawn
   349 | Abyss:4  | Noticed a guardian serpent
   349 | Abyss:4  | Noticed a naga mage
   349 | Abyss:4  | Noticed a naga
   349 | Abyss:4  | Noticed a salamander
   354 | D:1      | Escaped the Abyss
   589 | D:1      | Reached skill level 5 in Dodging
  1433 | D:2      | Reached ** piety under Lugonu
  1450 | D:2      | Found a basalt altar of Yredelemnul.
  1880 | D:2      | Found a shimmering altar of Xom.
  1890 | D:2      | Found a shimmering altar of Xom.
  1890 | D:2      | Found a shimmering altar of Xom.
  2019 | D:2      | Noticed Sigmund
  2397 | D:2      | Killed Sigmund
  2397 | D:2      | Reached skill level 5 in Short Blades
  2397 | D:2      | Reached XP level 7. HP: 35/35 MP: 11/11
  2569 | D:3      | Learned a level 2 spell: Blink
  2573 | D:3      | Learned a level 3 spell: Gell's Gravitas
  2573 | D:3      | Upgraded the game from 0.25-a0-420-g1cc7eeb0d1 to
                  | 0.25-a0-424-g80bd347ae0
  2838 | D:3      | Found a glowing drain.
  2856 | Sewer    | Entered a sewer
  3922 | D:4      | Found a radiant altar of Vehumet.
  4054 | D:4      | Found a runed translucent gate.
  4055 | D:4      | Found a runed translucent gate.
  4056 | D:4      | Found a runed translucent gate.
  4056 | D:4      | Noticed Kohma's ghost (amateur HOFi)
  4076 | D:4      | Identified the +7 dagger of Moderation {venom, *Drain rN+
                  | Int+6}
  4178 | D:4      | Reached skill level 5 in Stealth
  4203 | D:4      | Reached skill level 1 in Evocations
  4208 | D:4      | Reached *** piety under Lugonu
  4208 | D:4      | Reached skill level 5 in Invocations
  4637 | D:4      | Found a roughly hewn altar of Beogh.
  4803 | D:4      | Found a bloodstained altar of Trog.
  5097 | D:4      | Reached XP level 8. HP: 9/39 MP: 13/13
  5532 | D:5      | Entered Level 5 of the Dungeon
  6054 | D:5      | Found a white marble altar of Elyvilon.
  6055 | D:5      | Found a staircase to the Ecumenical Temple.
  6059 | D:5      | Found a hide-covered altar of Uskayaw.
  6449 | D:5      | Slain by an orc

Levels and vault maps discovered:
D:1:      dpeg_arrival_three_same_balls, layout_basic, kennysheep_another_room
D:2:      layout_basic, lemuel_coloured_pillars_altar, xom_redecorated,
          uniq_sigmund
D:3:      layout_loops_ring, first_ration, cheibrodos_sewer_entry_bend
D:4:      layout_basic, bloody_trog, biasface_ghost_orc_armoury,
          vehumet_altar_wand_db
D:5:      layout_basic, grunt_temple_overflow_open, tgw_sif,
          overflow_temple_1_default, minmay_temple_entry_glass,
          roderic_serpentine_path, minmay_a_box_with_orc_wizards_in_it,
          uniq_eustachio

Skill      XL: |  1  2  3  4  5  6  7 |
---------------+----------------------+-----
Short Blades   | 3 4 5 6 |  6.6
Dodging        | 4 5 6 |  6.6
Stealth        | 2 3 4 5 |  5.1
Invocations    | 3 4 5 |  5.9
Evocations     | 2 |  2.8
Fighting       | |  2.4

Action                   |  1- 3 |  4- 6 |  7- 9 || total
-------------------------+-------+-------+-------++-------
Melee: Short sword       |       |    70 |       ||    70
       Dagger            |       |    54 |   354 ||   408
Throw: Stone             |       |     6 |    10 ||    16
       Dart              |       |       |    62 ||    62
       Throwing net      |       |       |     1 ||     1
Evoke: Phial of floods   |     1 |     1 |     1 ||     3
       Wand              |       |       |    10 ||    10
  Use: Scroll            |       |     5 |     7 ||    12
       Potion            |       |       |     3 ||     3
 Stab: Sleeping          |       |     6 |     6 ||    12
       Distracted        |       |       |     1 ||     1
  Eat: Ration            |       |       |     1 ||     1
Armor: Robe              |       |     6 |    20 ||    26
Dodge: Dodged            |     1 |    82 |   248 ||   331

Table legend:
 A = Non-vault XP
 B = Vault XP
 C = Vault XP percentage of total XP
 D = Non-vault monster count
 E = Vault monster count
 F = Vault count percentage of total count
                 A         B        C        D         E       F
            +---------+---------+-------+---------+---------+-------
      Total |    1425 |     340 |  19.3 |      87 |      21 |  19.4
            +---------+---------+-------+---------+---------+-------
        D:1 |      25 |       0 |   0.0 |      14 |       0 |   0.0
        D:2 |     115 |     227 |  66.4 |      21 |       1 |   4.5
        D:3 |      41 |      10 |  19.6 |      15 |       2 |  11.8
        D:4 |     595 |      42 |   6.6 |      26 |       2 |   7.1
        D:5 |     262 |       0 |   0.0 |       9 |       0 |   0.0
    Abyss:2 |     231 |       0 |   0.0 |       1 |       0 |   0.0
    Abyss:3 |     156 |       0 |   0.0 |       1 |       0 |   0.0
      Sewer |       0 |      61 | 100.0 |       0 |      16 | 100.0
            +---------+---------+-------+---------+---------+-------
